IL
ROCHESTER RED WINGS @ CHARLOTTE KNIGHTS
09/24/2046
 
TOP OF THE 1ST
Rochester Red Wings batting - Pitching for Charlotte Knights : LHP Jon Zaragoza
Pitching: LHP Jon Zaragoza
Batting: RHB Yonetoshi Muranaka 0-0: Called Strike
0-1: Ball
1-1: Ball
2-1: DOUBLE (Line Drive, 89M, EV 92.5 MPH)
Batting: RHB Josh Zoglmann 0-0: Called Strike
Yonetoshi Muranaka steals 3rd base
0-1: Swinging Strike
0-2: Foul Ball, location: 2F
0-2: Ball
1-2: Strikes out swinging
Batting: RHB Israel Gaona 0-0: Ball
1-0: Ball
2-0: Called Strike
2-1: DOUBLE (Line Drive, 7LM, EV 103.1 MPH)
Yonetoshi Muranaka scores
Batting: RHB Jimmy Buzard 0-0: Called Strike
0-1: Foul Ball, location: 2F
0-2: Fly out, F7 (Flyball, 7LM, EV 98.1 MPH)
Batting: LHB Yat-sen Zhu 0-0: Ground out 4-3 (Groundball, 4D, EV 101.2 MPH)
Top of the 1st over - 1 run, 2 hits, 0 errors, 1 left on base; Rochester 1 - Charlotte 0
BOTTOM OF THE 1ST
Charlotte Knights batting - Pitching for Rochester Red Wings : LHP Josh Gunderson
Pitching: LHP Josh Gunderson
Batting: RHB Jose Medina 0-0: Ball
1-0: Ball
2-0: Ball
3-0: Called Strike
3-1: Ground out 4-3 (Groundball, 4, EV 81.2 MPH)
Batting: RHB Mike Warzecha 0-0: Called Strike
0-1: Ball
1-1: Foul Ball, location: 2F
1-2: Fly out, F7 (Flyball, 78D, EV 85.6 MPH)
Batting: LHB Angel Tellez 0-0: Called Strike
0-1: Swinging Strike
0-2: Foul Ball, location: 2F
0-2: Ball
1-2: Foul Ball, location: 2F
1-2: Ball
2-2: Ball
3-2: Strikes out swinging
Bottom of the 1st over - 0 runs, 0 hits, 0 errors, 0 left on base; Rochester 1 - Charlotte 0
TOP OF THE 2ND
Rochester Red Wings batting - Pitching for Charlotte Knights : LHP Jon Zaragoza
Batting: RHB Aaron Trotman 0-0: Ball
1-0: Ball
2-0: Ball
3-0: Base on Balls
Batting: RHB Adam Noyes 0-0: Foul Ball, location: 2F
0-1: Ball
1-1: Fly out, F8 (Line Drive, 8RM, EV 91.9 MPH)
Batting: SHB Aaron Tatar 0-0: Ball
1-0: Foul Ball, location: 2F
1-1: Foul Ball, location: 2F
1-2: Foul Ball, location: 2F
1-2: Strikes out swinging
Batting: LHB David McNair 0-0: Called Strike
0-1: Called Strike
0-2: Ball
1-2: Foul Ball, location: 2F
1-2: Foul Ball, location: 2F
1-2: Ball
2-2: Ground out 4-3 (Groundball, 4, EV 80.6 MPH)
Top of the 2nd over - 0 runs, 0 hits, 0 errors, 1 left on base; Rochester 1 - Charlotte 0
BOTTOM OF THE 2ND
Charlotte Knights batting - Pitching for Rochester Red Wings : LHP Josh Gunderson
Batting: RHB Micah Brown 0-0: Called Strike
0-1: DOUBLE (Flyball, 78XD, EV 103.1 MPH)
Batting: LHB Dustin Taylor 0-0: Ball
1-0: Fly out, F9 (Flyball, 9LM, EV 98.1 MPH)
Batting: LHB Matt Hyde 0-0: Ball
1-0: Called Strike
1-1: Ground out 3-1 (Groundball, 34, EV 81.9 MPH)
Micah Brown to third
Batting: LHB Alberto Carrasco 0-0: Ball
1-0: Ball
2-0: Ball
3-0: Called Strike
3-1: Base on Balls
Batting: RHB John Iddings 0-0: Called Strike
0-1: Ball
1-1: Ball
2-1: Foul Ball, location: 2F
2-2: Ball
Wild Pitch!
Micah Brown scores
Alberto Carrasco to second
3-2: Strikes out swinging
Bottom of the 2nd over - 1 run, 1 hit, 0 errors, 1 left on base; Rochester 1 - Charlotte 1
TOP OF THE 3RD
Rochester Red Wings batting - Pitching for Charlotte Knights : LHP Jon Zaragoza
Batting: RHB Yonetoshi Muranaka 0-0: Foul Ball, location: 2F
0-1: Reached on error, E6 (Groundball, 6, EV 105.0 MPH)
Batting: RHB Josh Zoglmann 0-0: Called Strike
0-1: Ball
1-1: Ball
2-1: SINGLE (Groundball, 4MD, EV 106.2 MPH)
Yonetoshi Muranaka to third
Batting: RHB Israel Gaona 0-0: Called Strike
0-1: Ball
1-1: Ball
2-1: SINGLE (Groundball, 34D, EV 106.2 MPH)
Yonetoshi Muranaka scores
Josh Zoglmann to second
Runner from 2nd tries for 3rd, SAFE, throw by RF made to third
Batting: RHB Jimmy Buzard 0-0: Called Strike
Israel Gaona is caught stealing 2nd base 2-4
0-1: Foul Ball, location: 2F
0-2: Ball
1-2: Foul Ball, location: 2F
1-2: Ball
2-2: Ground out 1-3 (Groundball, 13S, EV 63.1 MPH)
Batting: LHB Yat-sen Zhu 0-0: Called Strike
0-1: SINGLE (Line Drive, 8RS, EV 108.8 MPH)
Josh Zoglmann scores
Batting: RHB Aaron Trotman 0-0: Called Strike
0-1: Swinging Strike
0-2: Strikes out looking
Top of the 3rd over - 2 runs, 3 hits, 1 error, 1 left on base; Rochester 3 - Charlotte 1
BOTTOM OF THE 3RD
Charlotte Knights batting - Pitching for Rochester Red Wings : LHP Josh Gunderson
Batting: LHB John Thurman 0-0: Called Strike
0-1: Called Strike
0-2: Ball
1-2: Foul Ball, location: 2F
1-2: Foul Ball, location: 2F
1-2: SINGLE (Flyball, 4D, EV 91.9 MPH)
Batting: RHB Jose Medina 0-0: Ball
1-0: TRIPLE (Flyball, 89XD, EV 102.5 MPH)
John Thurman scores
Batting: RHB Mike Warzecha 0-0: Ground out 5-3 (Groundball, 5L, EV 80.6 MPH)
Batting: LHB Angel Tellez 0-0: Called Strike
0-1: Reaches on Catchers interference
Batting: RHB Micah Brown 0-0: SINGLE (Line Drive, 8RS, EV 91.2 MPH)
Jose Medina scores
Angel Tellez to second
Batting: LHB Dustin Taylor 0-0: Called Strike
0-1: Foul Ball, location: 2F
0-2: Ball
1-2: Foul Ball, location: 2F
1-2: Ball
2-2: Foul Ball, location: 2F
2-2: Ball
3-2: Base on Balls
Angel Tellez to third
Micah Brown to second
Batting: LHB Matt Hyde 0-0: Ball
1-0: Called Strike
1-1: Ball
2-1: SINGLE (Groundball, 4M, EV 100.6 MPH) (infield hit)
Angel Tellez scores
Micah Brown to third
Dustin Taylor to second
Batting: LHB Alberto Carrasco 0-0: Foul Ball, location: 2F
0-1: Called Strike
0-2: Foul Ball, location: 2F
0-2: SINGLE (Flyball, 89S, EV 91.9 MPH)
Micah Brown scores
Dustin Taylor to third
Matt Hyde to second
Pitching: RHP Mike Ferry
Batting: RHB John Iddings 0-0: Called Strike
0-1: Grounds into double play, 5-4-3 (Groundball, 56, EV 103.1 MPH)
Bottom of the 3rd over - 4 runs, 5 hits, 1 error, 2 left on base; Rochester 3 - Charlotte 5
TOP OF THE 4TH
Rochester Red Wings batting - Pitching for Charlotte Knights : LHP Jon Zaragoza
Batting: RHB Adam Noyes 0-0: Ball
1-0: Called Strike
1-1: Called Strike
1-2: Ground out 6-3 (Groundball, 6, EV 85.6 MPH)
Batting: SHB Aaron Tatar 0-0: Foul Ball, location: 2F
0-1: Ball
1-1: Swinging Strike
1-2: Strikes out swinging
Batting: LHB David McNair 0-0: Ball
1-0: Foul Ball, location: 2F
1-1: Fly out, F7 (Flyball, 7, EV 93.1 MPH)
Top of the 4th over - 0 runs, 0 hits, 0 errors, 0 left on base; Rochester 3 - Charlotte 5
BOTTOM OF THE 4TH
Charlotte Knights batting - Pitching for Rochester Red Wings : RHP Mike Ferry
Batting: LHB John Thurman 0-0: Ball
1-0: Ground out 4-3 (Groundball, 4, EV 80.6 MPH)
Batting: RHB Jose Medina 0-0: Ball
1-0: Fly out, F8 (Flyball, 89M, EV 81.2 MPH)
Batting: RHB Mike Warzecha 0-0: Called Strike
0-1: Ball
1-1: Foul Ball, location: 2F
1-2: Ball
2-2: Foul Ball, location: 2F
2-2: Foul Ball, location: 2F
2-2: Ball
3-2: Base on Balls
Batting: LHB Angel Tellez 0-0: Ball
1-0: Foul Ball, location: 2F
1-1: Foul Ball, location: 2F
1-2: Ball
2-2: DOUBLE (Flyball, 89XD, EV 93.8 MPH)
Mike Warzecha to third
Runner from 3rd tries for Home, SAFE, throw by RF to home
Batting: RHB Micah Brown 0-0: Ball
1-0: Called Strike
1-1: Swinging Strike
1-2: Ground out 6-3 (Groundball, 56, EV 101.2 MPH)
Bottom of the 4th over - 1 run, 1 hit, 0 errors, 1 left on base; Rochester 3 - Charlotte 6
TOP OF THE 5TH
Rochester Red Wings batting - Pitching for Charlotte Knights : LHP Jon Zaragoza
Batting: RHB Yonetoshi Muranaka 0-0: Ball
1-0: Called Strike
1-1: SINGLE (Groundball, 6M, EV 95.0 MPH)
Batting: RHB Josh Zoglmann 0-0: DOUBLE (Line Drive, 3D, EV 99.4 MPH)
Yonetoshi Muranaka to third
Batting: RHB Israel Gaona 0-0: Ball
1-0: Swinging Strike
1-1: Swinging Strike
1-2: Fly out, F8 (Flyball, 8RD, EV 100.0 MPH)
Runner from 3rd tags up, SCORES, throw by CF
Josh Zoglmann to third
Batting: RHB Jimmy Buzard 0-0: Foul Ball, location: 2F
0-1: Ball
Steal of home, Josh Zoglmann is out
1-1: Swinging Strike
1-2: Foul Ball, location: 2F
1-2: Foul Ball, location: 2F
1-2: Foul Ball, location: 2F
1-2: Hit by Pitch
Batting: LHB Yat-sen Zhu 0-0: Ball
1-0: Called Strike
1-1: Ball
2-1: Foul Ball, location: 2F
2-2: Strikes out swinging
Top of the 5th over - 1 run, 2 hits, 0 errors, 1 left on base; Rochester 4 - Charlotte 6
BOTTOM OF THE 5TH
Charlotte Knights batting - Pitching for Rochester Red Wings : RHP Mike Ferry
Batting: LHB Dustin Taylor 0-0: Ball
1-0: Called Strike
1-1: Foul Ball, location: 2F
1-2: Ball
2-2: Ball
3-2: SINGLE (Flyball, 8LS, EV 93.1 MPH)
Batting: LHB Matt Hyde 0-0: Fielders Choice at 2nd, 4-6 (Groundball, 4, EV 90.0 MPH)
Batting: LHB Alberto Carrasco Pickoff Throw to First - Out! 1-3
0-0: SINGLE (Line Drive, 56D, EV 108.8 MPH)
Batting: RHB John Iddings 0-0: Ball
Alberto Carrasco steals 2nd base (no throw)
1-0: Swinging Strike
1-1: Fly out, F9 (Flyball, 89M, EV 95.6 MPH)
Bottom of the 5th over - 0 runs, 2 hits, 0 errors, 1 left on base; Rochester 4 - Charlotte 6
TOP OF THE 6TH
Rochester Red Wings batting - Pitching for Charlotte Knights : LHP Jon Zaragoza
Batting: RHB Aaron Trotman 0-0: Called Strike
0-1: Ground out 5-3 (Groundball, 56, EV 89.4 MPH)
Batting: RHB Adam Noyes 0-0: Ball
1-0: Ball
2-0: Called Strike
2-1: Swinging Strike
2-2: Strikes out swinging
Batting: SHB Aaron Tatar 0-0: Ball
1-0: Called Strike
1-1: Ball
2-1: Swinging Strike
2-2: Strikes out looking
Top of the 6th over - 0 runs, 0 hits, 0 errors, 0 left on base; Rochester 4 - Charlotte 6
BOTTOM OF THE 6TH
Charlotte Knights batting - Pitching for Rochester Red Wings : RHP Mike Ferry
Batting: LHB John Thurman 0-0: Called Strike
0-1: Ball
1-1: Swinging Strike
1-2: Strikes out swinging
Batting: RHB Jose Medina 0-0: Called Strike
0-1: Ball
1-1: Foul Ball, location: 2F
1-2: Ground out 6-3 (Groundball, 6, EV 84.4 MPH)
Batting: RHB Mike Warzecha 0-0: Called Strike
0-1: Ball
1-1: Ball
2-1: Called Strike
2-2: Hit by Pitch
Batting: LHB Angel Tellez 0-0: Ball
1-0: Called Strike
1-1: Swinging Strike
1-2: Strikes out swinging
Bottom of the 6th over - 0 runs, 0 hits, 0 errors, 1 left on base; Rochester 4 - Charlotte 6
TOP OF THE 7TH
Rochester Red Wings batting - Pitching for Charlotte Knights : LHP Jon Zaragoza
Pitching: LHP Bobby Martin
Batting: LHB David McNair 0-0: Foul Ball, location: 2F
0-1: Ball
1-1: Called Strike
1-2: Strikes out looking
Batting: RHB Yonetoshi Muranaka 0-0: Ball
1-0: Ball
2-0: Ball
3-0: Called Strike
3-1: Base on Balls
Batting: RHB Josh Zoglmann 0-0: Ball
Yonetoshi Muranaka is caught stealing 2nd base 2-4
1-0: Ball
2-0: Foul Ball, location: 2F
2-1: Ball
3-1: Base on Balls
Pitching: RHP Steve Barnett
Batting: RHB Israel Gaona 0-0: Called Strike
0-1: SINGLE (Groundball, 6MD, EV 103.8 MPH)
Josh Zoglmann to second
Runner from 2nd tries for 3rd, OUT! 8-5
Top of the 7th over - 0 runs, 1 hit, 0 errors, 1 left on base; Rochester 4 - Charlotte 6
BOTTOM OF THE 7TH
Charlotte Knights batting - Pitching for Rochester Red Wings : RHP Mike Ferry
Pitching: RHP Ryan Bushey
Batting: RHB Micah Brown 0-0: Ball
1-0: Ball
2-0: Called Strike
2-1: Swinging Strike
2-2: Foul Ball, location: 2F
2-2: Foul Ball, location: 2F
2-2: Ball
3-2: Base on Balls
Batting: LHB Dustin Taylor 0-0: Called Strike
0-1: Swinging Strike
0-2: Ball
1-2: Strikes out swinging
Batting: LHB Matt Hyde 0-0: Fly out, F8 (Flyball, 8RM, EV 81.9 MPH)
Batting: LHB Alberto Carrasco 0-0: Ball
1-0: Ball
2-0: Ball
3-0: Base on Balls
Micah Brown to second
Batting: RHB John Iddings 0-0: Called Strike
0-1: Ball
Wild Pitch!
Micah Brown to third
Alberto Carrasco to second
1-1: Ball
2-1: Ball
3-1: Ground out U3 (Groundball, 34, EV 80.6 MPH)
Bottom of the 7th over - 0 runs, 0 hits, 0 errors, 2 left on base; Rochester 4 - Charlotte 6
TOP OF THE 8TH
Rochester Red Wings batting - Pitching for Charlotte Knights : RHP Steve Barnett
Batting: RHB Jimmy Buzard 0-0: Foul Ball, location: 2F
0-1: Ball
1-1: Fly out, F9 (Flyball, 89S, EV 80.6 MPH)
Batting: LHB Yat-sen Zhu 0-0: Ground out 4-3 (Groundball, 4, EV 109.4 MPH)
Batting: RHB Aaron Trotman 0-0: Swinging Strike
0-1: Ball
1-1: Foul Ball, location: 2F
1-2: Ball
2-2: Strikes out swinging
Top of the 8th over - 0 runs, 0 hits, 0 errors, 0 left on base; Rochester 4 - Charlotte 6
BOTTOM OF THE 8TH
Charlotte Knights batting - Pitching for Rochester Red Wings : RHP Ryan Bushey
Pitching: RHP Alfonso Alvarado
Batting: LHB John Thurman 0-0: Swinging Strike
0-1: SINGLE (Groundball, 4MS, EV 73.1 MPH) (infield hit)
Batting: RHB Jose Medina 0-0: Ball
1-0: Sac Bunt to P - play at first, batter safe!
John Thurman to second
Batting: RHB Mike Warzecha 0-0: Bunted foul
0-1: Bunted foul
0-2: Ball
1-2: Ball
2-2: Fielders Choice at 2nd, 3-6 (Groundball, 34, EV 100.0 MPH)
John Thurman to third
Batting: LHB Angel Tellez 0-0: Called Strike
0-1: Foul Ball, location: 2F
0-2: Ball
1-2: Ball
2-2: Strikes out swinging
Batting: RHB Micah Brown 0-0: Ball
1-0: SINGLE (Line Drive, 56, EV 98.1 MPH)
John Thurman scores
Mike Warzecha to second
Runner from 2nd tries for 3rd, SAFE, throw by LF made to third
Batting: LHB Dustin Taylor 0-0: Ground out 4-3 (Groundball, 4, EV 80.6 MPH)
Bottom of the 8th over - 1 run, 3 hits, 0 errors, 2 left on base; Rochester 4 - Charlotte 7
TOP OF THE 9TH
Rochester Red Wings batting - Pitching for Charlotte Knights : RHP Steve Barnett
Pitching: RHP Maury Compson
Batting: RHB Adam Noyes 0-0: Ball
1-0: Ball
2-0: Ball
3-0: Called Strike
3-1: Base on Balls
Batting: SHB Aaron Tatar 0-0: Called Strike
0-1: Ball
1-1: 2-RUN HOME RUN (Flyball, 9LD, EV 95.0 MPH), Distance : 340 ft
Batting: LHB David McNair 0-0: Ground out U3 (Groundball, 3, EV 83.1 MPH)
Batting: RHB Yonetoshi Muranaka 0-0: SINGLE (Groundball, 6MD, EV 102.5 MPH)
Batting: RHB Josh Zoglmann 0-0: Fielders Choice at 2nd, 6-4 (Groundball, 6MD, EV 107.5 MPH)
Batting: RHB Israel Gaona 0-0: Called Strike
0-1: Fly out, F4 (Popup, 4M, EV 57.5 MPH)
Top of the 9th over - 2 runs, 2 hits, 0 errors, 1 left on base; Rochester 6 - Charlotte 7
Tuesday, September 13th , 2022 - OOTP Baseball 23.7 Build 88